 Dungeon Crawl Stone Soup version 0.28.0-1-gb440e238dd (webtiles) character file.

Game seed: 17085639556821592111

3283 freelancePsychic the Spear-Bearer (level 10, -6/80 HPs)
             Began as a Formicid Chaos Knight on Feb 20, 2022.
             Was a Plaything of Xom.
             Mangled by a hellwing (10 damage)
             ... summoned by Xom
             ... on level 7 of the Dungeon.
             The game lasted 00:13:07 (6691 turns).

freelancePsychic the Spear-Bearer (FoCK)            Turns: 6691, Time: 00:13:08

Health: -6/80      AC:  3    Str: 18    XL:     10   Next: 20%
Magic:  10/10      EV:  7    Int: 13    God:    Xom [......]
Gold:   449        SH:  0    Dex: 12    Spells: 9/9 levels left

rFire   . . .      SeeInvis +   v - +4 spear (chaos)
rCold   . . .      Faith    .   (no shield)
rNeg    . . .      Spirit   .   r - +0 plate armour
rPois   +          Reflect  .   (helmet unavailable)
rElec   .          Harm     .   (no cloak)
rCorr   .          Rampage  .   m - +2 pair of gloves
Will    +....                   c - +2 pair of boots
Stlth   ..........              (no amulet)
HPRegen 0.23/turn               s - +4 ring of slaying
MPRegen 0.12/turn               (no ring)

@: mighty, corroded, unable to read
A: permanent stasis, dig shafts and tunnels, antennae 3, four strong arms, fangs
1, iridescent scales 3, sense surroundings 1, poison resistance, shaggy fur 1,
inability to read while threatened, sturdy frame 1
a: Dig, Shaft Self, Renounce Religion


You were on level 7 of the Dungeon.
You worshipped Xom.
You were a very special plaything of Xom.
You visited 1 branch of the dungeon, and saw 7 of its levels.
You also visited: Ossuary.

You collected 449 gold pieces.

Inventory:

Hand Weapons
 a - a +0 vampiric spear
 v - a +4 spear of chaos (weapon)
Missiles
 w - 3 javelins
Armour
 c - a +2 pair of boots (worn)
 f - a +0 chain mail
 m - a +2 pair of gloves (worn)
 r - a +0 plate armour (worn)
Jewellery
 s - a +4 ring of slaying (left hand)
 y - a +6 ring of intelligence
Wands
 x - a wand of flame (16) {@v2}
 z - a wand of mindburst (15) {@v3}
 B - a wand of acid (5)
Scrolls
 e - 2 scrolls of enchant weapon
 i - 2 scrolls of brand weapon
 l - a scroll of summoning
 u - a scroll of torment
Potions
 b - a potion of heal wounds {@q2}
 d - a potion of mutation {unknown}
 h - a potion of resistance {unknown}
 j - a potion of haste {unknown}
 k - 4 potions of curing {@q1}
 n - 3 potions of might
 o - a potion of degeneration {unknown}
 p - a potion of flight {unknown}
 q - 2 potions of attraction {unknown}
 t - a potion of magic {unknown}
 A - a potion of lignification {unknown}
 C - a potion of berserk rage {unknown}


   Skills:
 + Level 8.2 Fighting
 * Level 10.2 Polearms
 + Level 7.8 Armour
 - Level 0.8 Dodging


You had 9 spell levels left.
You didn't know any spells.
Your spell library contained the following spells:

 Spells                   Type           Power      Damage    Failure   Level
 Magic Dart               Conj           0%         1d3       99%         1
 Call Imp                 Summ           0%         N/A       99%         2
 Call Canine Familiar     Summ           0%         N/A       100%        3
 Ignite Poison            Fire/Tmut/Pois 0%         N/A       100%        3
 Lesser Beckoning         Tloc           0%         N/A       100%        3
 Mephitic Cloud           Conj/Pois/Air  0%         N/A       100%        3
 Portal Projectile        Hex/Tloc       0%         N/A       100%        3
 Leda's Liquefaction      Hex/Erth       0%         N/A       100%        4
 Freezing Cloud           Conj/Ice/Air   0%         6-21      100%        5
 Manifold Assault         Tloc           0%         N/A       100%        5
 Blink                    Tloc           Unusable   N/A       N/A         2

Dungeon Overview and Level Annotations

Branches:
Dungeon (7/15)             Temple (0/1) D:5         Ossuary (visited)

Altars:
Dithmenos
Makhleb
Ru
Sif Muna
Xom


Innate Abilities, Weirdness & Mutations

You cannot be hasted, slowed, berserked, paralysed or teleported.
You can dig through walls and to a lower floor.
You have a pair of large antennae on your head. (SInv)
Your four strong arms can wield two-handed weapons with a shield.
You have very sharp teeth.
You are completely covered in iridescent scales. (AC +6)
You passively map a small area around you.
Your system is resistant to poisons. (rPois)
You are covered in fur. (AC +1)
You sometimes lose the ability to read scrolls when taking damage.
Your movements are slightly less encumbered by armour. (ER -2)


Message History

The hellwing hits you.
You hit the rust devil but do no damage.
The rust devil is almost dead.
You hit the rust devil.
The rust devil flickers and vanishes for a moment.
You bite the rust devil, but do no damage.
The rust devil is almost dead.
The rust devil hits you. The rust devil corrodes you!
The hellwing barely misses you.
The hellwing hits you but does no damage.
The orange demon is lost in a daze.
Aiming: Corrosive Bolt
Press: ? - help, Shift-Dir - straight line, f - hellwing
Aim: a hellwing (moderately wounded, summoned, dazed, 71% to hit)
Okay, then.
You cannot read scrolls in your current state!
Unknown command.
It was a potion of curing.
You feel better.
Xom thinks this is hilarious!
The rust devil is lost in a daze.
The hellwing is lost in a daze.
The orange demon stings you from afar!
It was a potion of might.
You feel very mighty all of a sudden. The rust devil hits you!
The rust devil corrodes you! The hellwing barely misses you.
The hellwing hits you.
* * * LOW HITPOINT WARNING * * *
The orange demon stings you from afar!
* * * LOW HITPOINT WARNING * * *
You hit the rust devil but do no damage.
The rust devil is almost dead.
You hit the rust devil. Your bite misses the rust devil.
The rust devil is almost dead.
The rust devil completely misses you.
The hellwing is lost in a daze.
The orange demon stings you from afar!
* * * LOW HITPOINT WARNING * * *
You hit the rust devil.
The rust devil is poisoned.
The rust devil is almost dead.
The rust devil barely misses you. The orange demon completely misses you.
The hellwing hits you!
You die...

* ######### #.
#.######.....>.#
#.
.........#####.#
#. * *.#####..#
#.# #. #.)#
#.########.
#.#####..#
#..........
#......4.#
###########
#######4## #@#
#4# #.# #.# ,
..# * ###


You could see an orange demon (summoned, dazed), a hellwing (summoned, dazed)
and a rust devil (summoned, invisible, dazed, very poisoned).

Vanquished Creatures
  A tarantella (shapeshifter) (D:2)
  A wyvern (D:7)
  A steam dragon (D:7)
  2 water moccasins (D:7)
  2 ice beasts (D:7)
  2 sky beasts
  2 centaurs
  An ogre (D:5)
  A phantom (D:5)
  A bullfrog (D:6)
  2 elf zombies (Ossuary)
  A wyvern zombie (D:7)
  A scorpion (D:5)
  A killer bee (D:7)
  5 wights
  3 centaur zombies (Ossuary)
  A human zombie (Ossuary)
  4 hounds
  3 jellies
  3 orc priests
  2 centaur skeletons
  2 bullfrog skeletons
  3 iguanas
  2 orc wizards
  A hound zombie (D:5)
  A howler monkey zombie (D:7)
  3 mummies (Ossuary)
  8 adders
  A shadow imp (D:7)
  An adder skeleton (D:4)
  A worm (D:3)
  3 dart slugs
  13 orcs
  10 endoplasms
  2 giant cockroaches
  A gnoll zombie (Ossuary)
  6 goblins
  8 hobgoblins
  4 jackals
  4 quokkas
  7 ball pythons
  3 bats
  2 frilled lizards
  4 goblin zombies (Ossuary)
  5 hobgoblin zombies (Ossuary)
  6 jackal zombies (Ossuary)
  9 kobolds
  3 kobold zombies (Ossuary)
  2 orc zombies (Ossuary)
  6 quokka zombies (Ossuary)
  7 rats
  A rat zombie (Ossuary)
169 creatures vanquished.

Vanquished Creatures (collateral kills)
  An orc warrior (D:6)
  A black bear (D:6)
  2 wights (D:6)
  An orc priest (D:6)
  2 orc wizards (D:6)
  3 orcs (D:6)
10 creatures vanquished.

Vanquished Creatures (others)
  An orc warrior (D:6)
1 creature vanquished.

Grand Total: 180 creatures vanquished

Notes
Turn   | Place    | Note
-------+----------+-------------------------------------------
     0 | D:1      | freelancePsychic the Formicid Chaos Knight began the quest
                  | for the Orb.
     0 | D:1      | Reached XP level 1. HP: 18/18 MP: 1/1
    27 | D:1      | Reached XP level 2. HP: 20/24 MP: 2/2
    45 | D:1      | XOM: silly message
   386 | D:1      | XOM: give mutations
   386 | D:1      | Gained mutation: You are partially covered in iridescent
                  | scales. (AC +2) [Xom's mischief]
   386 | D:1      | Gained mutation: Your system is resistant to poisons.
                  | (rPois) [Xom's mischief]
   386 | D:1      | Gained mutation: Your body sometimes deteriorates upon
                  | taking damage. [Xom's mischief]
   452 | D:1      | Found a faded altar of an unknown god.
   676 | D:1      | XOM: god gift: 45 gold pieces
   722 | D:1      | Reached XP level 3. HP: 29/29 MP: 3/3
   985 | D:2      | XOM: give mutations
   985 | D:2      | Gained mutation: You are mostly covered in iridescent
                  | scales. (AC +4) [Xom's grace]
   985 | D:2      | Gained mutation: You passively map a small area around you.
                  | [Xom's grace]
   985 | D:2      | Gained mutation: You are covered in fur. (AC +1) [Xom's
                  | grace]
   985 | D:2      | Gained mutation: Your movements are slightly less
                  | encumbered by armour. (ER -2) [Xom's grace]
   988 | D:2      | XOM: polymorph adder -> endoplasm
  1204 | D:2      | Noticed a shapeshifter
  1204 | D:2      | a kobold changed into a shapeshifter
  1204 | D:2      | Noticed a yak
  1204 | D:2      | a shapeshifter changed into a yak
  1206 | D:2      | Noticed a tarantella
  1206 | D:2      | a yak changed into a tarantella
  1208 | D:2      | XOM: confuse monster(s)
  1215 | D:2      | Killed a tarantella
  1216 | D:2      | Reached skill level 5 in Polearms
  1216 | D:2      | Reached XP level 4. HP: 38/38 MP: 4/4
  1216 | D:2      | Reached XP level 5. HP: 43/43 MP: 5/5
  1216 | D:2      | Reached XP level 6. HP: 49/49 MP: 6/6
  1263 | D:2      | XOM: divination: detect items
  1709 | D:2      | XOM: give mutations
  1709 | D:2      | Lost mutation: You passively map a small area around you.
                  | [Xom's mischief]
  1709 | D:2      | Gained mutation: You are somewhat resistant to further
                  | mutation. [Xom's mischief]
  1709 | D:2      | Gained mutation: You sometimes lose the ability to read
                  | scrolls when taking damage. [Xom's mischief]
  1790 | D:3      | You fall into a shaft and drop 3 floors!
  1790 | D:6      | Noticed an orc warrior
  1809 | D:5      | Entered Level 5 of the Dungeon
  1809 | D:5      | Noticed a sky beast
  1810 | D:5      | XOM: summons friendly ufetubus
  1814 | D:5      | XOM: god gift: dagger {god gift}
  1826 | D:5      | XOM: fog
  1830 | D:5      | Killed a sky beast
  1841 | D:5      | Reached XP level 7. HP: 54/55 MP: 7/7
  1872 | D:5      | XOM: give mutations
  1872 | D:5      | Lost mutation: You are somewhat resistant to further
                  | mutation. [Xom's grace]
  1872 | D:5      | Gained mutation: You have hidden genetic potential. [Xom's
                  | grace]
  1872 | D:5      | Gained mutation: You are completely covered in iridescent
                  | scales. (AC +6) [Xom's grace]
  1932 | D:5      | XOM: enchant monster (bad)
  1944 | D:5      | Reached skill level 5 in Fighting
  1954 | D:5      | Reached skill level 6 in Polearms
  2162 | D:5      | Found a shimmering altar of Xom.
  2162 | D:5      | Found a shimmering altar of Xom.
  2163 | D:5      | Found a shimmering altar of Xom.
  2191 | D:5      | Found a staircase to the Ecumenical Temple.
  2221 | D:5      | Found a sand-covered staircase.
  2237 | Ossuary  | Entered an ossuary
  2313 | Ossuary  | Reached XP level 8. HP: 63/63 MP: 8/8
  2315 | Ossuary  | XOM: god gift: 51 gold pieces
  2357 | Ossuary  | XOM: fog
  2361 | Ossuary  | XOM: divination: detect items
  2369 | Ossuary  | Reached skill level 5 in Armour
  2369 | Ossuary  | XOM: give mutations
  2369 | Ossuary  | Gained mutation: You are frail. (-10% HP) [Xom's mischief]
  2369 | Ossuary  | Lost mutation: You are frail. (-10% HP) [Xom's mischief]
  2381 | Ossuary  | Gained mutation: You are strong-willed. (Will+) [hidden
                  | potential]
  2501 | Ossuary  | XOM: give mutations
  2501 | Ossuary  | Gained mutation: You passively map a small area around you.
                  | [Xom's grace]
  2501 | Ossuary  | Gained mutation: Your flesh is heat resistant. (rF+) [Xom's
                  | grace]
  2501 | Ossuary  | Gained mutation: You have very sharp teeth. [Xom's grace]
  2501 | Ossuary  | Gained mutation: You are partially covered in large bone
                  | plates. (SH +4) [Xom's grace]
  2591 | Ossuary  | Reached skill level 7 in Polearms
  2653 | Ossuary  | XOM: fog
  2664 | Ossuary  | XOM: cleaving
  2665 | Ossuary  | XOM: summons 3 hostile shadow creatures
  2990 | D:5      | Found a shadowy altar of Dithmenos.
  2998 | D:5      | XOM: summons 5 hostile demons
  3264 | D:5      | XOM: summons 2 hostile shadow creatures
  3416 | D:3      | Found a burning altar of Makhleb.
  3418 | D:3      | Found a faded altar of an unknown god.
  3524 | D:3      | XOM: potion effect (invisibility)
  3865 | D:3      | Found a sacrificial altar of Ru.
  4275 | D:4      | XOM: give mutations
  4275 | D:4      | Lost mutation: You are completely covered in iridescent
                  | scales. (AC +6) [Xom's mischief]
  4275 | D:4      | Gained mutation: You are dopey. (Int -2) [Xom's mischief]
  4523 | D:4      | XOM: give mutation
  4523 | D:4      | Lost mutation: You are strong-willed. (Will+) [Xom's
                  | mischief]
  4630 | D:4      | XOM: summons 2 hostile shadow creatures
  4799 | D:6      | XOM: divine lightning
  4801 | D:6      | XOM: silly message
  5092 | D:6      | XOM: give mutations
  5092 | D:6      | Lost mutation: Your body sometimes deteriorates upon taking
                  | damage. [Xom's mischief]
  5092 | D:6      | Gained mutation: Your muscles are strong. (Str +2) [Xom's
                  | mischief]
  5092 | D:6      | Lost mutation: You have hidden genetic potential. [Xom's
                  | mischief]
  5102 | D:6      | XOM: give mutations
  5102 | D:6      | Lost mutation: Your muscles are strong. (Str +2) [Xom's
                  | mischief]
  5102 | D:6      | Lost mutation: You are partially covered in large bone
                  | plates. (SH +4) [Xom's mischief]
  5102 | D:6      | Lost mutation: Your flesh is heat resistant. (rF+) [Xom's
                  | mischief]
  5102 | D:6      | Lost mutation: You are dopey. (Int -2) [Xom's mischief]
  5133 | D:6      | XOM: stat loss: -1 Int (12/13)
  5145 | D:6      | Reached skill level 8 in Polearms
  5145 | D:6      | Reached XP level 9. HP: 65/71 MP: 9/9
  5163 | D:5      | XOM: noise
  5371 | D:6      | Found a shimmering blue altar of Sif Muna.
  5494 | D:6      | XOM: chaos upgrade
  5501 | D:6      | XOM: enchant monster (bad)
  5502 | D:6      | XOM: cast spell 'Summon Dragon'
  5620 | D:6      | Reached skill level 9 in Polearms
  5856 | D:7      | XOM: polymorph orc wizard -> killer bee
  5933 | D:7      | XOM: scenery: summon butterflies
  5941 | D:7      | XOM: swap monsters
  5942 | D:7      | XOM: summons 1 hostile demon
  6031 | D:7      | XOM: give mutation
  6031 | D:7      | Gained mutation: You are completely covered in iridescent
                  | scales. (AC +6) [Xom's mischief]
  6082 | D:7      | Reached XP level 10. HP: 57/80 MP: 10/10
  6131 | D:7      | XOM: summons 2 hostile shadow creatures
  6140 | D:7      | XOM: polymorph orc wizard -> swamp drake
  6277 | D:7      | XOM: summons 3 hostile shadow creatures
  6373 | D:7      | Reached skill level 10 in Polearms
  6671 | D:7      | XOM: summons 6 hostile demons
  6672 | D:7      | Noticed a rust devil
  6672 | D:7      | Noticed an orange demon
  6690 | D:7      | HP: 4/80 [orange demon[Xom] (9)]
  6691 | D:7      | Mangled by a hellwing

Illustrated notes

Levels and vault maps discovered:
D:1:      dpeg_arrival_stonehenge_8_columns, layout_loops_ring,
          ebering_ecumenical_altar_webs
D:2:      layout_loops_ring, corexii_corridor_pit, minmay_tromino_v4_a
D:3:      layout_loops_ring, nicolae_overflow_ecumenical_swirl,
          nicolae_ru_the_path_less_chosen
D:4:      layout_basic
D:5:      layout_loops_ring, nicolae_dithmenos_the_darkroom, xom_redecorated,
          minmay_temple_entry_proselytizer, serial_glass, glass_columns_b,
          glass_columns_b, enter_ossuary_1, kennysheep_generic_room_11
D:6:      layout_basic, kennysheep_little_box, lightli_minifort
D:7:      layout_loops_ring

Skill      XL: |  1  2  3  4  5  6  7  8  9 10 |
---------------+-------------------------------+-----
Fighting       | 4 5 6 7 8 |  8.2
Polearms       | 5 6 8 9 10 | 10.2
Armour         | 3 4 6 7 |  7.8
Dodging        | |  0.8

Action                   |  1- 3 |  4- 6 |  7- 9 | 10-12 || total
-------------------------+-------+-------+-------+-------++-------
Melee: Spear             |   125 |    73 |   706 |    78 ||   982
       Punch             |     3 |     2 |    13 |     1 ||    19
       Bite              |       |       |    45 |    14 ||    59
  Use: Scroll            |     2 |     4 |     7 |     1 ||    14
       Potion            |       |     2 |       |     2 ||     4
 Stab: Confused          |     2 |       |       |       ||     2
Armor: Leather armour    |     2 |       |       |       ||     2
       Chain mail        |    44 |    37 |   407 |       ||   488
       Plate armour      |       |       |    97 |    33 ||   130
Dodge: Dodged            |    31 |    14 |   259 |    16 ||   320
Block: Other             |       |       |    58 |       ||    58
